 Dungeon Crawl Stone Soup version 0.28-a0-1084-ga282ea246d (webtiles) character file.

Game seed: 55594097834186489

1808 Peloso the Carver (level 8, -8/63 HPs)
             Began as a Minotaur Fighter on Dec 10, 2021.
             Mangled by an orc warrior (12 damage)
             ... on level 7 of the Dungeon.
             The game lasted 00:08:04 (4108 turns).

Peloso the Carver (Minotaur Fighter)                Turns: 4108, Time: 00:08:04

Health: -8/63      AC: 15    Str: 20    XL:     8   Next: 84%
Magic:  7/7        EV:  9    Int:  5    God:
Gold:   158        SH:  5    Dex: 13    Spells: 7/7 levels left

rFire   . . .      SeeInvis .   a - +0 long sword
rCold   . . .      Faith    .   c - +0 buckler
rNeg    + . .      Spirit   .   d - +0 chain mail
rPois   .          Reflect  .   (helmet restricted)
rElec   .          Harm     .   p - +2 cloak
rCorr   +          Rampage  .   (no gloves)
Will    .....                   i - +0 pair of boots
Stlth   ..........              u - amulet of the acrobat
HPRegen 0.20/turn               e - ring of resist corrosion
MPRegen 0.10/turn               s - ring of positive energy

@: unable to read
A: horns 2, retaliatory headbutt, hooves 1, frail 1, inability to read while
threatened
a: no special abilities


You were on level 7 of the Dungeon.
You visited 1 branch of the dungeon, and saw 6 of its levels.

You collected 158 gold pieces.

Inventory:

Hand Weapons
 a - a +0 long sword (weapon)
 b - a +1 dagger of flaming
Armour
 c - a +0 buckler (worn)
 d - a +0 chain mail (worn)
 i - a +0 pair of boots (worn)
 n - a +0 scale mail
 p - a +2 cloak (worn)
Jewellery
 e - a ring of resist corrosion (left hand)
 s - a ring of positive energy (right hand)
 u - an amulet of the acrobat (around neck)
 w - a +4 ring of evasion
Scrolls
 k - a scroll of summoning {unknown}
 m - 4 scrolls of identify {unknown}
 q - a scroll of fear {unknown}
 t - a scroll of teleportation {unknown}
 v - a scroll of brand weapon {unknown}
Potions
 f - a potion of attraction {unknown}
 g - 2 potions of mutation
 j - a potion of heal wounds {unknown}
 l - a potion of haste {unknown}
 o - 2 potions of flight {unknown}
 r - a potion of invisibility {unknown}


   Skills:
 + Level 6.3 Fighting
 + Level 9.4 Long Blades
 + Level 6.7 Armour
 + Level 3.6 Dodging
 + Level 1.0 Stealth
 + Level 6.1 Shields


You had 7 spell levels left.
You didn't know any spells.
Your spell library contained the following spells:

 Spells                   Type           Power      Damage    Failure   Level
 Dazzling Flash           Conj/Hex       0%         N/A       100%        3
 Agony                    Necr           0%         N/A       100%        5
 Silence                  Hex/Air        0%         N/A       100%        5


Dungeon Overview and Level Annotations

Branches:
Dungeon (5/15)
 Temple: D:4-7

Altars:
Vehumet

Annotations:
D:4 2 transporters


Innate Abilities, Weirdness & Mutations

You have a pair of horns on your head.
You reflexively headbutt those who attack you in melee.
You have large cloven feet.
You are frail. (-10% HP)
You sometimes lose the ability to read scrolls when taking damage.


Message History

You barely miss something. Something hits you but does no damage.
You barely miss something. Something hits you but does no damage.
You slash something! You headbutt something.
Something hits you but does no damage.
You miss something. You headbutt something.
Something hits you but does no damage.
You barely miss something. You headbutt something.
Something hits you but does no damage.
You hit something. Your headbutt misses something. Something hits you.
Something shocks you.
You feel threatened and lose the ability to read scrolls!
* * * LOW HITPOINT WARNING * * *
You barely miss something. You block something's attack.
Your chain mail prevents you from hitting something.
Something hits you but does no damage.
You barely miss something. You headbutt something.
A sky beast appears from thin air!
Reactivating autopickup.
The sky beast barely misses you.
You hit the sky beast.
You kill the sky beast!
You hit the orc warrior but do no damage.
You can read scrolls again.
The orc warrior closely misses you.
You hit the orc warrior but do no damage.
You headbutt the orc warrior, but do no damage.
The orc warrior barely misses you.
You completely miss the orc warrior. Your headbutt misses the orc warrior.
You barely miss the orc warrior.
The orc warrior hits you with a +0 dire flail!
You feel threatened and lose the ability to read scrolls!
* * * LOW HITPOINT WARNING * * *
You closely miss the orc warrior.
The orc warrior hits you with a +0 dire flail.
* * * LOW HITPOINT WARNING * * *
You hit the orc warrior but do no damage.
You can read scrolls again.
The orc warrior hits you with a +0 dire flail!
You feel threatened and lose the ability to read scrolls!
You die...

###########
#....@ogo.### #
#.######....# .##
#..)...##....
#>...........
#......##..# #
#.#o.$.# .# # #.
#.#....##..##
#.#.##.#..g......#
#......#....##...#


You could see an orc warrior, a gnoll shaman and an orc wizard.

Vanquished Creatures
  Grinder (D:4)
  Eustachio (D:4)
  Menkaure (D:7)
  A water moccasin (D:7)
  Duvessa (D:4)
  A sky beast (D:7)
  An orc warrior (D:7)
  An ogre (D:4)
  A kobold brigand (D:7)
  A bullfrog (D:4)
  A scorpion (D:4)
  Dowan (D:4)
  A water moccasin skeleton (D:4)
  3 howler monkeys (D:7)
  A centaur zombie (D:7)
  3 hounds
  Crazy Yiuf (D:4)
  Natasha (thrice) (D:4)
  An iguana (D:7)
  An orc wizard (D:4)
  2 killer bee zombies (D:7)
  A mummy (D:4)
  4 gnolls
  A howler monkey skeleton (D:4)
  4 adders
  A shadow imp (D:5)
  An ufetubus (D:4)
  An adder skeleton (D:4)
  2 worms
  A dart slug (D:2)
  10 orcs
  5 endoplasms
  3 giant cockroaches
  7 goblins
  7 hobgoblins
  A jackal (D:2)
  4 quokkas
  5 ball pythons
  2 bats (D:3)
  9 frilled lizards
  A hobgoblin zombie (D:4)
  13 kobolds
  A kobold zombie (D:4)
  2 orc zombies (D:4)
  A quokka skeleton (D:4)
  8 rats
123 creatures vanquished.

Notes
Turn   | Place    | Note
-------+----------+-------------------------------------------
     0 | D:1      | Peloso the Minotaur Fighter began the quest for the Orb.
     0 | D:1      | Reached XP level 1. HP: 19/19 MP: 0/0
    15 | D:1      | Noticed a merfolk zombie
    60 | D:1      | Reached XP level 2. HP: 26/27 MP: 1/1
   612 | D:1      | Reached skill level 3 in Long Blades
   619 | D:1      | Reached XP level 3. HP: 28/33 MP: 2/2
   857 | D:2      | Found a faded altar of an unknown god.
  1551 | D:3      | Reached XP level 4. HP: 40/40 MP: 3/3
  1658 | D:3      | Reached skill level 4 in Long Blades
  2386 | D:4      | Noticed Eustachio
  2432 | D:4      | Killed Eustachio
  2433 | D:4      | Reached skill level 5 in Long Blades
  2433 | D:4      | Reached skill level 1 in Dodging
  2433 | D:4      | Reached XP level 5. HP: 30/47 MP: 4/4
  2604 | D:4      | Noticed Duvessa
  2604 | D:4      | Noticed Dowan
  2620 | D:4      | Killed Duvessa
  2621 | D:4      | Reached XP level 6. HP: 41/53 MP: 5/5
  2621 | D:4      | Killed Dowan
  2622 | D:4      | Reached skill level 5 in Armour
  2767 | D:4      | Reached skill level 5 in Fighting
  2781 | D:4      | Found a radiant altar of Vehumet.
  2866 | D:4      | Reached skill level 6 in Long Blades
  2866 | D:4      | Reached XP level 7. HP: 42/61 MP: 6/6
  3080 | D:4      | Noticed Natasha
  3085 | D:4      | Killed Natasha
  3103 | D:4      | Found a transporter.
  3122 | D:4      | Reached skill level 5 in Shields
  3130 | D:4      | Found a transporter.
  3190 | D:4      | Noticed Grinder
  3199 | D:4      | Killed Grinder
  3200 | D:4      | Reached skill level 7 in Long Blades
  3282 | D:4      | Noticed Natasha
  3294 | D:4      | Killed Natasha
  3295 | D:4      | Reached XP level 8. HP: 62/70 MP: 7/7
  3494 | D:4      | Found a runed translucent door.
  3495 | D:4      | Noticed Crazy Yiuf
  3563 | D:4      | Noticed Natasha
  3574 | D:4      | Killed Natasha
  3821 | D:4      | Killed Crazy Yiuf
  3889 | D:5      | Entered Level 5 of the Dungeon
  3938 | D:5      | You fall into a shaft and drop 2 floors!
  3968 | D:7      | Reached skill level 8 in Long Blades
  4005 | D:7      | Gained mutation: You sometimes lose the ability to read
                  | scrolls when taking damage. [potion of mutation]
  4005 | D:7      | Gained mutation: You are frail. (-10% HP) [potion of
                  | mutation]
  4005 | D:7      | Gained mutation: You have large cloven feet. [potion of
                  | mutation]
  4005 | D:7      | Noticed Menkaure
  4014 | D:7      | Killed Menkaure
  4015 | D:7      | Reached skill level 9 in Long Blades
  4026 | D:7      | Reached skill level 1 in Stealth
  4108 | D:7      | Mangled by an orc warrior

Illustrated notes

Levels and vault maps discovered:
D:1:      shiori_arrival_whats_in_store_for_you, layout_loops_ring,
          minmay_lizard_pond
D:2:      layout_basic, shapermc_ecumenical_altar_mp_vishouse, st_stairs_6
D:3:      layout_loops_corners
D:4:      gammafunk_wand_slinger, layout_basic, old_standard_altar,
          serial_glass, glass_columns_c, glass_columns_a, glass_columns_a,
          minmay_mini_ossuary, uniq_crazy_yiuf_cottage, uniq_eustachio,
          uniq_grinder, uniq_duvessa, uniq_natasha
D:5:      layout_basic
D:7:      layout_basic, uniq_menkaure

Skill      XL: |  1  2  3  4  5  6  7  8 |
---------------+-------------------------+-----
Armour         | 4 5 6 |  6.7
Fighting       | 4 5 6 |  6.3
Long Blades    | 3 5 6 7 9 |  9.4
Shields        | 4 5 6 |  6.1
Dodging        | 1 2 3 |  3.6
Stealth        | 1 |  1.0

Action                   |  1- 3 |  4- 6 |  7- 9 || total
-------------------------+-------+-------+-------++-------
Melee: Long sword        |    94 |   108 |   163 ||   365
       Headbutt          |    17 |    20 |    21 ||    58
  Use: Potion            |       |     1 |     4 ||     5
Armor: Scale mail        |    44 |    53 |       ||    97
       Chain mail        |       |    18 |    76 ||    94
Dodge: Dodged            |    41 |    77 |    77 ||   195
Block: Buckler           |     9 |    33 |    46 ||    88

Table legend: (Time is in decaauts)
 A = Elapsed time spent in this place.
 B = Non-inter-level travel time spent in this place.
 C = Inter-level travel time spent in this place.
 D = Time resting spent in this place.
 E = Time spent auto-exploring this place.
 F = Levels seen in this place.
 G = Mean time per level.
                   A        B        C        D        E       F      G
               +--------+--------+--------+--------+--------+-----+--------+
         Total |   4150 |   4052 |     98 |      0 |   2977 |   6 |  691.7 |
       Dungeon |   4150 |   4052 |     98 |      0 |   2977 |   6 |  691.7 |
               +--------+--------+--------+--------+--------+-----+--------+

Top non-repeatable levels by time:
     D:4: 1522 daAuts
     D:3: 1045 daAuts
     D:1: 747 daAuts
     D:2: 618 daAuts
     D:7: 168 daAuts
     D:5: 48 daAuts
